 Dungeon Crawl Stone Soup version 0.29.1-1-gd02db6906a (webtiles) character file.

Game seed: 5458638871749964362

1003 Ashen the Magician (level 8, 59/59 HPs)
             Began as a Demonspawn Hedge Wizard on Oct 8, 2022.
             Got out of the dungeon alive.
             The game lasted 00:27:44 (6846 turns).

Ashen the Magician (Demonspawn Hedge Wizard)        Turns: 6846, Time: 00:27:45

Health: 59/59      AC:  3    Str: 12    XL:     8   Next: 0%
Magic:  14/14      EV: 13    Int: 17    God:
Gold:   74         SH:  0    Dex: 12    Spells: 7/15 levels left

rFire   . . .      SeeInvis +   d - +2 whip (elec)
rCold   . . .      Faith    .   (no shield)
rNeg    . . .      Spirit   .   g - +0 robe {Archmagi}
rPois   .          Reflect  .   c - +0 hat
rElec   .          Harm     .   (no cloak)
rCorr   .          Rampage  .   (no gloves)
Will    .....      Archmagi +   (no boots)
Stlth   ++........              (no amulet)
HPRegen 0.19/turn               t - ring of wizardry
MPRegen 0.14/turn               r - ring of see invisible

@: no status effects
A: rugged brown scales 1, foul stench 1, demonic magic 1, demonic touch 1
a: no special abilities


You escaped.
You visited 1 branch of the dungeon, and saw 5 of its levels.

You collected 216 gold pieces.
You spent 142 gold pieces at shops.

Inventory:

Hand Weapons
 d - a +2 whip of electrocution (weapon)
 f - a +0 short sword
 l - a +0 quarterstaff
 C - the +5 spear of Blood {vorpal, Stlth+}
   (You found it on level 5 of the Dungeon)

   It inflicts extra damage upon your enemies.
   Stlth:     It makes you more stealthy.
Armour
 b - a +0 robe
 c - a +0 hat (worn)
 g - a +0 robe of the Archmagi (worn)
 u - a +2 robe of willpower
Jewellery
 h - a +4 ring of evasion
 n - a +4 ring of evasion
 r - a ring of see invisible (right hand)
 t - a ring of wizardry (left hand)
 A - a ring of fire
Wands
 B - a wand of paralysis (9)
Scrolls
 e - 3 scrolls of fear {unknown}
 i - 3 scrolls of immolation {unknown}
 k - 2 scrolls of teleportation {unknown}
 m - 3 scrolls of amnesia {unknown}
 q - 2 scrolls of identify {unknown}
 v - a scroll of enchant weapon {unknown}
 w - 2 scrolls of magic mapping
 y - a scroll of enchant armour {unknown}
Potions
 a - 2 potions of curing {unknown}
 j - a potion of degeneration {unknown}
 o - a potion of mutation {unknown}
 p - a potion of flight {unknown}
 s - a potion of resistance {unknown}
 x - a potion of berserk rage {unknown}
 z - 2 potions of haste {unknown}


   Skills:
 + Level 3.2 Fighting
 + Level 3.5 Dodging
 + Level 3.8 Stealth
 + Level 4.3 Spellcasting
 + Level 3.4 Conjurations
 - Level 2.0 Summonings
 + Level 3.1 Translocations
 + Level 2.2 Air Magic


You had 7 spell levels left.
You knew the following spells:

 Your Spells              Type           Power      Damage    Failure   Level
a - Magic Dart            Conj           92%        1d7       1%          1
b - Call Imp              Summ           15%        N/A       4%          2
c - Blink                 Tloc           42%        N/A       2%          2
d - Mephitic Cloud        Conj/Pois/Air  15%        N/A       9%          3

Your spell library contained the following spells:

 Spells                   Type           Power      Damage    Failure   Level
 Static Discharge         Conj/Air       20%        3-6/arc   2%          2
 Gell's Gravitas          Tloc           21%        N/A       5%          3
 Teleport Other           Tloc           21%        N/A       5%          3
 Slow                     Hex            20%        N/A       6%          1
 Sting                    Tmut/Pois      20%        1d4       6%          1
 Poisonous Vapours        Pois/Air       22%        N/A       6%          2
 Sublimation of Blood     Necr           5%         N/A       9%          2
 Wereblood                Tmut           5%         N/A       9%          2
 Conjure Flame            Conj/Fire      14%        6-21      9%          3
 Lightning Bolt           Conj/Air       10%        1d23      45%         5
 Olgreb's Toxic Radiance  Pois           5%         N/A       50%         4
 Fireball                 Conj/Fire      7%         3d5       61%         5
 Dispersal                Tloc           10%        N/A       92%         6
 Conjure Ball Lightning   Conj/Air       10%        3x3d6     94%         6
 Starburst                Conj/Fire      7%         6d4       98%         6
 Summon Hydra             Summ           7%         N/A       100%        7
 Ignition                 Fire           2%         3d3       100%        8
 Maxwell's Capacitive Co  Air            8%         ∞         100%        8


Dungeon Overview and Level Annotations

Branches:
Dungeon (5/15)
 Temple: D:4-7

Altars:

Shops:
D:2 ?!!   D:3 [(**


Innate Abilities, Weirdness & Mutations

You are partially covered in rugged brown scales. (AC +1, +3% HP)
You may rarely emit foul miasma when damaged in melee.
Spells you cast may paralyse adjacent enemies.
Your touch may inflict minor irresistible damage on your foes.


Message History

Aim: an ogre, wielding a +0 giant club (heavily wounded, ally target, chance to affect: 49%)
The ogre suddenly stops moving!
Your white imp gestures at the ogre.
The puff of frost hits the ogre!
The helpless ogre fails to defend itself.
You whack the ogre!
The ogre is almost dead.
Your white imp hits the ogre.
The ogre dies!
You have reached level 8!
You feel stronger.
Your demonic ancestry asserts itself...
A menacing aura infuses your magic.
Your magical contamination has completely faded away.
You see here a +0 giant club.
Unknown command.
There is a stone staircase leading up here.
You climb upwards.
Your summoned ally is left behind.
There is a stone staircase leading down here.
Magic restored.
Done exploring.
There is a stone staircase leading up, spattered with blood here.
(D) Dungeon
Where to? (Enter - D:4 @ (x,y), ? - help)
What level of the Dungeon? (default 1, ? - help)
You climb upwards.
There is a stone staircase leading down here.
There is an escape hatch in the ceiling here.
A mysterious force pulls you upwards. The hatch slams shut behind you.
There is an open door here.
There is an open door here.
There is a stone staircase leading up here.
You climb upwards.
There is a stone staircase leading down here.
You see here 5 stones.
Things that are here:
a stone; a +0 dagger
There is an open door here.
There is a staircase leading out of the dungeon here.
Are you sure you want to leave the Dungeon?
This will make you lose the game!
You have escaped!

#...#~.~#≈≈§#
#.
#...#~.~#≈≈.#
##
#...#~.~#≈..#
###
#...#...#...#
#(.
#...........#
#.#
#...........#
#.#
#...........#
#.#
#...........#
#.#
#.....@.....#
#.#
#...........#
#..
#############
##. #. #. ##


There were no monsters in sight!

Vanquished Creatures
  A black bear (D:4)
  2 lemures (D:4)
  2 hounds
  An orc priest (D:5)
  Jessica (D:3)
  9 adders
  3 gnolls
  2 ufetubi (D:5)
  2 dart slugs
  4 orcs (D:5)
  6 bats
  6 endoplasms
  4 giant cockroaches
  9 goblins
  5 hobgoblins
  4 jackals (D:1)
  5 quokkas
  3 ball pythons
  A frilled lizard (D:2)
  11 kobolds
  5 rats
86 creatures vanquished.

Vanquished Creatures (collateral kills)
  Pikel (D:4)
  An ogre (D:5)
  A lemure (D:3)
  A necrophage (D:4)
  2 gnolls
  A bat (D:3)
  A jackal (D:3)
8 creatures vanquished.

Grand Total: 94 creatures vanquished

Notes
Turn   | Place    | Note
-------+----------+-------------------------------------------
     0 | D:1      | Ashen the Demonspawn Hedge Wizard began the quest for the
                  | Orb.
     0 | D:1      | Reached XP level 1. HP: 13/13 MP: 4/4
   106 | D:1      | Reached skill level 1 in Translocations
   118 | D:1      | Gained mutation: You are partially covered in rugged brown
                  | scales. (AC +1, +3% HP) [demonic ancestry]
   118 | D:1      | Reached XP level 2. HP: 2/19 MP: 0/6
  1536 | D:2      | Found Ulaeresu's Distillery.
  1537 | D:2      | Found Gosunan's Magic Scroll Shop.
  1550 | D:2      | Learned a level 2 spell: Call Imp
  1553 | D:2      | Learned a level 2 spell: Blink
  1655 | D:2      | Found Doce's Distillery.
  1717 | D:1      | Gained mutation: Your touch may inflict minor irresistible
                  | damage on your foes. [demonic ancestry]
  1717 | D:1      | Reached XP level 3. HP: 25/25 MP: 2/7
  1923 | D:2      | Found a faded altar of an unknown god.
  2077 | D:2      | Reached skill level 1 in Fighting
  2290 | D:2      | Learned a level 3 spell: Mephitic Cloud
  2435 | D:2      | Reached XP level 4. HP: 32/32 MP: 6/8
  2646 | D:3      | Found Neanwiuf's Antique Armour Shop.
  2727 | D:3      | Noticed Jessica
  2733 | D:3      | Killed Jessica
  2875 | D:3      | Found Asop's Antique Weapon Shoppe.
  3187 | D:3      | Found Ozul's Assorted Antiques.
  3193 | D:3      | Bought a scroll labelled YNAMEADANI for 26 gold pieces
  3193 | D:3      | Bought a scroll labelled ROAPHO BIATIOM for 26 gold pieces
  3345 | D:3      | Reached XP level 5. HP: 29/38 MP: 6/10
  3574 | D:3      | Found Oxzoop's General Store.
  3816 | D:3      | Bought a scroll of magic mapping for 90 gold pieces
  4062 | D:4      | Noticed a black bear
  4278 | D:4      | Noticed Pikel
  4301 | D:4      | Noticed a lemure
  4302 | D:4      | Noticed a lemure
  4304 | D:4      | Noticed a lemure
  4571 | D:4      | Noticed a lemure
  4613 | D:3      | Killed a lemure
  5228 | D:4      | Gained mutation: You may rarely emit foul miasma when
                  | damaged in melee. [demonic ancestry]
  5228 | D:4      | Reached XP level 6. HP: 32/45 MP: 11/11
  5356 | D:4      | Got the Book of Lightning
  5933 | D:4      | Killed Pikel
  5934 | D:4      | Reached skill level 4 in Spellcasting
  5934 | D:4      | Reached skill level 1 in Air Magic
  5934 | D:4      | Reached XP level 7. HP: 15/52 MP: 1/13
  6233 | D:5      | Entered Level 5 of the Dungeon
  6415 | D:5      | Identified the +5 spear of Blood {vorpal, Stlth+}
  6650 | D:5      | Gained mutation: Spells you cast may paralyse adjacent
                  | enemies. [demonic ancestry]
  6650 | D:5      | Reached XP level 8. HP: 59/59 MP: 3/14
  6846 | D:$      | Got out of the dungeon alive.

Illustrated notes

Levels and vault maps discovered:
D:1:      lightli_arrival_quake, layout_loops_cross, serial_aquarium,
          aquarium_bridge_square [aquarium_subvault_bridge,
          aquarium_subvault_bridge, aquarium_subvault_bridge,
          aquarium_subvault_balcony], aquarium_window_2, aquarium_window_fake,
          aquarium_window_corner, aquarium_window_1, aquarium_view_2g,
          aquarium_balcony_3a, aquarium_pool_2
D:2:      layout_rooms, serial_shops, nicolae_shop_behind_doors,
          nicolae_shop_stone, nicolae_shop_stone,
          hellmonk_ecumenical_altar_slurped_away, lightli_corner_chamber
D:3:      minmay_spotlight, layout_basic, old_standard_altar, serial_shops,
          shop, nicolae_diamond_shop, nicolae_shop_trees,
          nicolae_shop_statue_plus, uniq_jessica
D:4:      layout_basic, uniq_pikel
D:5:      layout_loops_ring, minmay_shop_damaged

Skill      XL: |  1  2  3  4  5  6  7 |
---------------+----------------------+-----
Translocations | 1 2 3 |  3.1
Stealth        | 2 3 |  3.8
Dodging        | 2 3 |  3.5
Fighting       | 1 2 3 |  3.2
Summonings     | 2 |  2.0
Conjurations   | 2 3 |  3.4
Spellcasting   | 4 |  4.3
Air Magic      | 1 2 |  2.2

Action                   |  1- 3 |  4- 6 |  7- 9 || total
-------------------------+-------+-------+-------++-------
Melee: Dagger            |    26 |       |       ||    26
       Short sword       |    17 |       |       ||    17
       Quarterstaff      |    25 |   114 |       ||   139
       Whip              |       |       |    27 ||    27
       Touch             |       |       |     5 ||     5
 Cast: Magic Dart        |    59 |    76 |     8 ||   143
       Call Imp          |     4 |    17 |     5 ||    26
       Blink             |       |     4 |       ||     4
       Mephitic Cloud    |       |     7 |    11 ||    18
Evoke: Wand              |       |       |     2 ||     2
  Use: Potion            |       |     2 |       ||     2
 Stab: Sleeping          |     2 |     2 |     1 ||     5
       Confused          |       |     1 |     1 ||     2
       Paralysed         |       |       |     1 ||     1
Armor: Robe              |    18 |    32 |     3 ||    53
Dodge: Dodged            |    83 |    89 |    15 ||   187
